Emu, chaotic male elven Priest --- ... --.-- ...- --...| -...| |....-- |..<| |.|...-- -...| |.|-...| -...- |.| -.-- .....-- |.------...f--- |..))[...@G-- |..------*.. ---- Emu the Acolyte Experience level: 3 Strength: 10 Dexterity: 11 Constitution: 16 Intelligence: 10 Wisdom: 20 Charisma: 9 Health: 0(25) Energy: 27(33) Def: 9 Gold: 302 Moves: 1739 Dungeon seed: yCneNKg1O0pN0AIh Game ID: Emu_1615686072 Your Inventory: Coins $ - 302 gold pieces Weapons a - a blessed +1 mace (weapon in hand) u - a blessed +0 orcish dagger (alternate weapon; not wielded) x - a +0 dart z - a +0 mace A - 3 +0 daggers Armor e - a +0 robe (being worn) n - a +0 small shield (being worn) N - a +0 dwarvish iron helm (being worn) Y - a +0 pair of iron shoes (being worn) Comestibles c - 2 cloves of garlic d - a sprig of wolfsbane j - 2 tripe rations k - a cursed tin of newt meat l - 2 food rations o - a cram ration v - a slime mold w - a pear Spellbooks f - a spellbook of stone to flesh g - a spellbook of protection Potions b - 4 potions of holy water B - a potion of sickness Tools h - a bell y - a blindfold Spells and supernatural/magical abilities: Name Level Category Fail Memory p - protection 1 clerical 0% 92% S - stone to flesh 3 healing 71% 92% W - pray for help -- divine ? -- X - turn undead -- divine ? -- Your skills at the end: Fighting Skills Weapon Skills mace [Basic] Spellcasting Skills clerical spells [Basic] Final Attributes: You were piously aligned. You had infravision. You were protected. You are dead. Vanquished creatures: a dwarf an iguana 4 giant rats a yellow mold 3 gnomes a gecko 5 jackals a fox 2 goblins 3 sewer rats 7 grid bugs 4 lichens a kobold zombie 4 newts 38 creatures vanquished. Voluntary challenges: You were an atheist. You used a wielded weapon 36 times, starting on turn 89. You were illiterate. You never genocided any monsters. You never polymorphed an object. You never changed form. You used no wishes. You never split a pudding. You never wrote Elbereth's name. You never violated your personal moral code. Dungeon overview: The Dungeons of Doom: levels 1 to 4 Level 1 some fountains a long staircase Level 2 a delicatessen, some fountains Level 3 a fountain stairs to The Gnomish Mines Level 4 a weapon shop, an altar to Chih Sung-tzu The Gnomish Mines: Level 4 <- You were here stairs to The Dungeons of Doom History has recorded: On T:1 you entered the Dungeons of Doom to retrieve the Amulet of Yendor! On T:300 you reached level 2 of The Dungeons of Doom. On T:726 you advanced to experience level 2. On T:895 you reached level 3 of The Dungeons of Doom. On T:1296 you reached level 4 of The Dungeons of Doom. On T:1452 you advanced to experience level 3. On T:1667 you reached level 1 of The Gnomish Mines. Score breakdown: Gold: 302 ( 8441 points) Experience: 3 levels ( 7878 points) Exploration: 4 levels ( 8.16%) ( 7500 points) Discoveries: 2 items ( 0.70%) ( 2504 points) Valuables value: (no points given unless you survive) Artifact value: 0 ( 0 points) Variety of kills: 14 monsters ( 3.67%) ( 5750 points) Turncount: 1739 turns ( 0 points) Survival: died (score multiplied by 80%) Total score: 25658 Latest messages: You are now wearing a hard hat. You start equipping your pair of hard shoes. You are now wearing a pair of hard shoes. You drop an iron skull cap. The gnome lord throws a dagger! You are hit by a dagger. That is a silly thing to read. You drop a blessed +0 iron skull cap. The gnome lord wields a dagger! The air around you begins to shimmer with a golden haze. Qwerty bites the gnome lord. The gnome lord thrusts his dagger at Qwerty. The gnome lord hits Qwerty. The gnome lord thrusts his dagger. The gnome lord misses. You hit the gnome lord! The gnome lord thrusts his dagger. The gnome lord hits! You die... Final status: Goodbye Emu the Priest, killed by a gnome lord... You died in The Gnomish Mines on dungeon level 4 with 25658 points, and 302 pieces of gold, after 1739 moves. You were level 3 with a maximum of 25 hit points when you died.